 Dungeon Crawl Stone Soup version 0.30-a0-629-gd54f4be4f7 (webtiles) character file.

Game seed: 7503176940771661827

261 tilp the Covered (level 6, -1/52 HPs)
             Began as a Meteoran Fighter on Jan 13, 2023.
             Killed by divine providence
             ... invoked by an orc priest
              (7 damage)
             ... on level 2 of the Dungeon.
             The game lasted 00:03:04 (531 turns).

tilp the Covered (Meteoran Fighter)                  Turns: 531, Time: 00:03:04

Health: -1/52      AC:  7    Str: 18    XL:     6   Next: 70%
Magic:  7/7        EV: 11    Int:  9    God:
Gold:   66         SH:  5    Dex: 16    Spells: 5/5 levels left

rFire   . . .      SeeInvis .    a - +0 long sword
rCold   . . .      Faith    .    c - +0 buckler
rNeg    . . .      Spirit   .    b - +0 scale mail
rPois   .          Reflect  .    (no helmet)
rElec   .          Harm     .    (no cloak)
rCorr   .          Rampage  .    (no gloves)
Will    .....                    (no boots)
Stlth   +                        (no amulet)
HPRegen 0.28/turn                (no ring)
MPRegen 0.10/turn                (no ring)

@: glowing
A: sense surroundings 1, otherworldly, glowing, explore regen
a: no special abilities


You were on level 2 of the Dungeon.
You visited 1 branch of the dungeon, and saw 2 of its levels.

You collected 66 gold pieces.

Inventory:

Hand Weapons
 a - a +0 long sword (weapon)
Missiles
 h - 7 poisoned darts (quivered)
 i - 2 boomerangs
Armour
 b - a +0 scale mail (worn)
 c - a +0 buckler (worn)
Scrolls
 f - a scroll of fog {unknown}
 g - a scroll of poison {unknown}
 j - 3 scrolls of identify {unknown}
Potions
 e - a potion of curing {unknown}


   Skills:
 + Level 4.0 Fighting
 * Level 4.0 Long Blades
 + Level 0.0 Throwing
 + Level 4.0 Armour
 * Level 4.0 Dodging
 + Level 2.0 Stealth
 - Level 4.0 Shields


You had 5 spell levels left.
You didn't know any spells.
Your spell library was empty.

Dungeon Overview and Level Annotations

Branches:
Dungeon (2/15) Zot: 634

Altars:


Innate Abilities, Weirdness & Mutations

You passively map a small area around you.
You are easily found by Zot.
You glow in the dark.
You regain HP and MP as you explore.


Message History

The orc priest hits you with a +0 mace! The orc closely misses you.
You slash the orc priest!
The orc priest is almost dead.
The orc priest hits you with a +0 mace. You block the orc's attack.
You barely miss the orc priest.
The orc priest is almost dead.
You block the orc priest's attack.
The orc hits you from afar with a +3 trident!
You hit the orc priest.
You kill the orc priest!
You block the orc's attack. You block the orc priest's attack.
The orc barely misses you.
Training target 4.0 for Long Blades reached!
Training target 2.0 for Stealth reached!
Your Long Blades skill increases to level 4!
Your Stealth skill increases to level 2!
You need to enable at least one skill for training.
Unknown command.
Unknown command.
Unknown command.
You barely miss the orc priest. The orc priest completely misses you.
The orc hits you from afar with a +3 trident.
You closely miss the orc priest.
The orc priest mumbles some strange prayers to Beogh against you.
Beogh smites you! The orc barely misses you.
You hit the orc priest.
The orc priest is lightly wounded.
The orc priest invokes the aid of Beogh against you.
Pain shoots through your body!
* * * LOW HITPOINT WARNING * * *
The orc hits you but does no damage.
You barely miss the orc priest.
The orc priest is lightly wounded.
The orc priest misses you. The orc completely misses you.
A kobold comes into view. It is wielding a +0 mace.
The orc hits you from afar with a +3 trident.
* * * LOW HITPOINT WARNING * * *
The orc priest calls down the wrath of Beogh upon you.
Beogh smites you!
You die...

... ##.##.#.##.#
#.#..
).....**.###.#.##.
....#. * , ##.#.##
..... * ** ##.#.# *
..o., ,, , * ##.#.
*#..# * * ##.# *#..#
###############.
#.K###..............#
#.oo@..############.#
#.....##### * #.#
####... ,, * #.#
##.## * #.# #.# , #.#
#.# * #.. #.# ### #.#


You could see an orc priest, an orc and a kobold.

Vanquished Creatures
  Sigmund (D:2)
  An orc priest (D:2)
  Natasha (D:2)
  A gnoll (D:1)
  3 worms (D:2)
  2 bats (D:1)
  2 giant cockroaches
  2 hobgoblins (D:1)
  A quokka (D:1)
  6 ball pythons
  2 goblins
  6 kobolds
  3 rats
31 creatures vanquished.

Notes
Turn   | Place    | Note
-------+----------+-------------------------------------------
     0 | D:1      | tilp the Meteoran Fighter began the quest for the Orb.
     0 | D:1      | Reached XP level 1. HP: 19/19 MP: 2/2
   186 | D:1      | Reached skill level 1 in Dodging
   186 | D:1      | Reached XP level 2. HP: 24/26 MP: 3/3
   216 | D:1      | Reached XP level 3. HP: 31/31 MP: 4/4
   374 | D:2      | Noticed Sigmund
   398 | D:2      | Killed Sigmund
   399 | D:2      | Reached skill level 1 in Stealth
   399 | D:2      | Reached XP level 4. HP: 5/40 MP: 5/5
   399 | D:2      | Reached XP level 5. HP: 5/46 MP: 6/6
   399 | D:2      | Reached XP level 6. HP: 6/52 MP: 7/7
   444 | D:2      | Noticed Natasha
   451 | D:2      | Killed Natasha
   531 | D:2      | Killed from afar by an orc priest

Illustrated notes

Levels and vault maps discovered:
D:1:      dpeg_cavernosity, layout_basic, kennysheep_decorative_pillar
D:2:      minmay_inner_zag, layout_loops_ring, basic_altar, uniq_natasha,
          uniq_sigmund

Skill      XL: |  1  2  3  4  5  6 |
---------------+-------------------+-----
Dodging        | 1 3 4 |  4.0
Fighting       | 4 |  4.0
Long Blades    | 3 4 |  4.0
Armour         | 4 |  4.0
Stealth        | 1 2 |  2.0
Shields        | 4 |  4.0

Action                   |  1- 3 |  4- 6 || total
-------------------------+-------+-------++-------
Melee: Long sword        |    76 |    41 ||   117
Throw: Dart              |       |     1 ||     1
  Use: Potion            |     1 |       ||     1
Armor: Scale mail        |    46 |     9 ||    55
Dodge: Dodged            |    24 |    13 ||    37
Block: Buckler           |    19 |     9 ||    28

Table legend: (Time is in decaauts)
 A = Elapsed time spent in this place.
 B = Non-inter-level travel time spent in this place.
 C = Inter-level travel time spent in this place.
 D = Time resting spent in this place.
 E = Time spent auto-exploring this place.
 F = Levels seen in this place.
 G = Mean time per level.
                   A        B        C        D        E       F      G
               +--------+--------+--------+--------+--------+-----+--------+
         Total |    564 |    564 |      0 |      0 |      0 |   2 |  282.0 |
       Dungeon |    564 |    564 |      0 |      0 |      0 |   2 |  282.0 |
               +--------+--------+--------+--------+--------+-----+--------+

Top non-repeatable levels by time:
     D:1: 319 daAuts
     D:2: 244 daAuts
